[Event "Titled Tuesday Blitz May 25 2021"]
[White "Indjic, Aleksandar"]
[Black "Kazakouski, Valery"]
[WhiteFideId "911925"]
[BlackFideId "13507443"]
[WhiteElo "2643"]
[BlackElo "2546"]
[Result "1-0"]
[Round "06"]
[TimeControl "180+1"]
[Date "2021.05.25"]
[WhiteClock "0:00:10"]
[BlackClock "0:00:07"]

1. d4 Nf6 2. c4 e6 3. Nc3 Bb4 4. Qc2 Nc6 5. e3 d6 6. Bd3 e5 7. Ne2 O-O 8. O-O Bxc3 9. Qxc3 Qe7 10. b4 Re8 11. b5 Nd8 12. a4 exd4 13. exd4 Bg4 14. Ng3 h6 15. a5 a6 16. h3 Bd7 17. b6 cxb6 18. axb6 d5 19. Ba3 Qe6 20. Rab1 dxc4 21. Bxc4 Qc6 22. d5 Nxd5 23. Qd4 Be6 24. Rfc1 Qa4 25. Bb2 Nf6 26. Ne4 Nh5 27. g4 Nc6 28. Qe3 Bxc4 29. gxh5 Ba2 30. Nf6+ gxf6 31. Qxh6 Re6 32. Kh2 Bxb1 33. Rg1+ Bg6 34. hxg6 Ne7 35. Qh7+ Kf8 36. Qxf7# 1-0


[Site "https://www.chess.com"]

[Event "Titled Tuesday Blitz May 25 2021"]
[White "Ingebretsen, Jens E"]
[Black "Maksimovic, Bojan"]
[WhiteFideId "1522965"]
[BlackFideId "14408120"]
[WhiteElo "2072"]
[BlackElo "2437"]
[Result "0-1"]
[Round "06"]
[TimeControl "180+1"]
[Date "2021.05.25"]
[WhiteClock "0:01:40"]
[BlackClock "0:01:12"]

1. c4 g6 2. Nc3 Bg7 3. Nf3 d6 4. d4 e5 5. dxe5 dxe5 6. Qxd8+ Kxd8 7. Bg5+ f6 8. Be3 Nd7 9. g3 c6 10. Bg2 Kc7 11. O-O Nh6 12. Rfd1 Nf7 13. Nd2 f5 14. Nb3 Re8 15. Nc5 Nxc5 16. Bxc5 Be6 17. b3 e4 18. Rac1 Red8 19. e3 Bxc3 20. Rxd8 Rxd8 21. Rxc3 Rd1+ 22. Bf1 f4 23. Ba3 Bh3 24. Rc1 Rxc1 25. Bxc1 Bxf1 26. Kxf1 f3 27. Bb2 Ng5 28. h4 Nh3 29. Bd4 a6 30. a4 Kd7 31. b4 b5 32. cxb5 cxb5 33. axb5 axb5 34. Be5 Ke6 35. Bb8 Kf5 36. Bc7 Kg4 37. Bd8 h6 38. Be7 g5 39. hxg5 hxg5 40. Bd8 Kf5 41. Bc7 g4 42. Bd8 Ke6 43. Bh4 Kd5 44. Bd8 Kc4 45. Be7 Kc3 46. Bf6+ Kxb4 47. Be7+ Kc3 48. Bf6+ Kc4 49. Ke1 b4 50. Be5 Kd3 51. Bh8 b3 0-1


[Site "https://www.chess.com"]

[Event "Titled Tuesday Blitz May 25 2021"]
[White "Janaszak, Dawid"]
[Black "Savitski, Andrei"]
[WhiteFideId "1119206"]
[BlackFideId "13506161"]
[WhiteElo "2332"]
[BlackElo "2121"]
[Result "0-1"]
[Round "06"]
[TimeControl "180+1"]
[Date "2021.05.25"]
[WhiteClock "0:00:01"]
[BlackClock "0:00:08"]

1. e4 c5 2. Nc3 e6 3. f4 Nc6 4. Nf3 Nge7 5. d4 cxd4 6. Nxd4 Nxd4 7. Qxd4 Nc6 8. Qf2 Bb4 9. Bd2 O-O 10. O-O-O d5 11. exd5 exd5 12. Bd3 Bg4 13. Be2 Bxe2 14. Nxe2 Rc8 15. Kb1 Qa5 16. Nc1 Rfd8 17. Nd3 Bxd2 18. Qxd2 Qa4 19. Rhe1 Nd4 20. c3 Nc6 21. Nc5 Qb5 22. Nb3 d4 23. Nxd4 Nxd4 24. cxd4 Qf5+ 25. Ka1 Rc2 26. Qe3 h5 27. Re2 Rdc8 28. Rxc2 Qxc2 29. Qg1 a5 30. d5 a4 31. a3 b5 32. d6 b4 33. d7 Rd8 34. Rc1 Qd2 35. Qd1 Rxd7 36. Qxd2 Rxd2 37. axb4 Rd4 38. g3 Rxb4 39. Rc5 h4 40. Ka2 hxg3 41. hxg3 Rb3 42. Rc3 Rb4 43. Ka3 Re4 44. f5 Kh7 45. Rc7 f6 46. Rc3 Kh6 47. b3 axb3 48. Kxb3 Kg5 49. Rc7 Rg4 50. Rxg7+ Kxf5 51. Rh7 Rxg3+ 52. Kc2 Re3 53. Kd2 Re8 54. Rh1 Re4 55. Rf1+ Ke5 56. Rg1 f5 57. Rh1 f4 58. Rh8 Kf5 59. Rg8 Re7 60. Rf8+ Kg4 61. Rg8+ Kf3 0-1


[Site "https://www.chess.com"]

[Event "Titled Tuesday Blitz May 25 2021"]
[White "Jaracz, Pawel"]
[Black "Von Buelow, Georg"]
[WhiteFideId "1102222"]
[BlackFideId "4620658"]
[WhiteElo "2495"]
[BlackElo "2228"]
[Result "1-0"]
[Round "06"]
[TimeControl "180+1"]
[Date "2021.05.25"]
[WhiteClock "0:01:26"]
[BlackClock "0:00:49"]

1. e4 c5 2. Nf3 d6 3. Bc4 Nf6 4. d3 Nc6 5. O-O g6 6. c3 Bg7 7. h3 O-O 8. Bb3 e6 9. Qe2 b6 10. d4 cxd4 11. cxd4 Bb7 12. Nc3 Rc8 13. Bg5 h6 14. Bh4 a6 15. Rad1 Qc7 16. Bg3 Qe7 17. Rfe1 Rfd8 18. Bh4 g5 19. Bg3 b5 20. d5 exd5 21. Nxd5 Nxd5 22. Bxd5 Ne5 23. Bxb7 Qxb7 24. Nd4 d5 25. Nf5 dxe4 26. Nxg7 Nd3 27. Nf5 Nxe1 28. Rxe1 Rc6 29. Qxe4 1-0


[Site "https://www.chess.com"]

[Event "Titled Tuesday Blitz May 25 2021"]
[White "Jones, Gawain C B"]
[Black "Ponikarovsky, Alexey"]
[WhiteFideId "409561"]
[BlackFideId "4122887"]
[WhiteElo "2657"]
[BlackElo "1944"]
[Result "1-0"]
[Round "06"]
[TimeControl "180+1"]
[Date "2021.05.25"]
[WhiteClock "0:01:36"]
[BlackClock "0:02:23"]

1. c4 c5 2. Nf3 Nc6 3. Nc3 e5 4. g3 Nf6 5. Bg2 Be7 6. O-O O-O 7. b3 d6 8. Bb2 h6 9. e3 Bg4 10. h3 Be6 11. d4 exd4 12. exd4 cxd4 13. Nxd4 Qd7 14. Nxe6 fxe6 15. Re1 e5 16. Nd5 Nxd5 17. Qxd5+ Kh8 18. Rad1 Rad8 19. a3 Qf5 20. Re2 Bf6 21. Qe4 Qc8 22. Red2 Qc7 23. Bc3 Rf7 24. Qg6 Nd4 25. Be4 Kg8 26. Bxd4 exd4 27. Qh7+ Kf8 28. Bd5 Be5 29. f4 Qe7 30. Qh8# 1-0


[Site "https://www.chess.com"]

[Event "Titled Tuesday Blitz May 25 2021"]
[White "Kamsky, Gata"]
[Black "Bodnaruk, Anastasia"]
[WhiteFideId "2000024"]
[BlackFideId "4181751"]
[WhiteElo "2644"]
[BlackElo "2393"]
[Result "1-0"]
[Round "06"]
[TimeControl "180+1"]
[Date "2021.05.25"]
[WhiteClock "0:01:08"]
[BlackClock "0:00:02"]

1. d4 Nf6 2. Nf3 g6 3. Bg5 Bg7 4. c3 O-O 5. Nbd2 d5 6. e3 Nbd7 7. Be2 Re8 8. O-O e5 9. b4 e4 10. Ne1 c6 11. a4 Nf8 12. Nc2 Ne6 13. Bh4 g5 14. Bg3 g4 15. Bh4 h5 16. f3 exf3 17. gxf3 Qc7 18. Bxf6 Bxf6 19. fxg4 Bg5 20. gxh5 Ng7 21. Nf3 Bh6 22. Ne5 Bf5 23. Bd3 Bxd3 24. Qxd3 Re6 25. Rxf7 Qxf7 26. Nxf7 Kxf7 27. Qh7 Ke7 28. Rf1 a5 29. bxa5 Rxa5 30. Rb1 Ra7 31. Qg8 Nf5 32. Qb8 Rxa4 33. Rxb7+ Kf6 34. Qd8+ Ne7 35. Rb1 Kg7 36. Rf1 Kh7 37. Qe8 Bg7 38. Qf7 Re4 39. Rf4 1-0


[Site "https://www.chess.com"]

[Event "Titled Tuesday Blitz May 25 2021"]
[White "Karavaeva, Olga"]
[Black "Schmakel, Sam"]
[WhiteFideId "4124111"]
[BlackFideId "2039311"]
[WhiteElo "2105"]
[BlackElo "2356"]
[Result "0-1"]
[Round "06"]
[TimeControl "180+1"]
[Date "2021.05.25"]
[WhiteClock "0:00:28"]
[BlackClock "0:00:29"]

1. c4 g6 2. g3 Bg7 3. Bg2 Nf6 4. Nf3 O-O 5. O-O d6 6. Qc2 e5 7. d3 Nc6 8. Nbd2 Re8 9. Rb1 a5 10. a3 a4 11. Rd1 d5 12. cxd5 Nxd5 13. b3 Nd4 14. Nxd4 exd4 15. Ne4 Nc3 16. Nxc3 dxc3 17. bxa4 Bd7 18. d4 Bxa4 19. Qd3 c2 20. Rd2 cxb1=Q 21. Qxb1 c6 22. e3 Bb5 23. Bf1 Bxf1 24. Kxf1 b5 25. Rc2 Qd5 26. Kg1 Bf8 27. Rc3 Ra4 28. Qc2 Rc4 29. Bb2 Ra8 30. e4 Qxd4 31. Rxc4 Qxc4 32. Qd2 Bxa3 33. Bf6 Qc1+ 0-1


[Site "https://www.chess.com"]

[Event "Titled Tuesday Blitz May 25 2021"]
[White "Khusnutdinov, Rustam"]
[Black "Stoleriu, George"]
[WhiteFideId "13701703"]
[BlackFideId "1227505"]
[WhiteElo "2571"]
[BlackElo "2227"]
[Result "0-1"]
[Round "06"]
[TimeControl "180+1"]
[Date "2021.05.25"]
[WhiteClock "0:01:23"]
[BlackClock "0:02:00"]

1. d4 e6 2. e4 d5 3. Bd3 dxe4 4. Bxe4 Nf6 5. Bf3 c5 6. Ne2 Nc6 7. Be3 cxd4 8. Nxd4 Ne5 9. Nc3 Bb4 10. Nb5 Bd7 11. Be2 O-O 12. a3 Be7 13. O-O a6 14. Nd4 Rc8 15. Nf3 Nxf3+ 16. Bxf3 Bc6 17. Qe2 Bxf3 18. Qxf3 Qc7 19. Rfd1 Rfd8 20. Rxd8+ Rxd8 21. Rd1 Rxd1+ 22. Qxd1 h6 23. Qd3 Ng4 24. g3 Nxe3 25. Qxe3 Bf6 26. Nd1 Qxc2 27. Qf3 Bxb2 28. Ne3 Qc1+ 29. Kg2 Qc6 30. a4 Qxf3+ 31. Kxf3 b5 32. axb5 axb5 33. Nc2 Kf8 34. Ke4 Ke7 35. g4 Kd6 36. h4 Kc5 37. f4 Kc4 38. f5 Bf6 0-1


[Site "https://www.chess.com"]

[Event "Titled Tuesday Blitz May 25 2021"]
[White "Kollars, Dmitrij"]
[Black "Andreikin, Dmitry"]
[WhiteFideId "12909572"]
[BlackFideId "4158814"]
[WhiteElo "2576"]
[BlackElo "2782"]
[Result "0-1"]
[Round "06"]
[TimeControl "180+1"]
[Date "2021.05.25"]
[WhiteClock "0:01:37"]
[BlackClock "0:01:50"]

1. e4 c5 2. Nf3 d6 3. Bb5+ Nd7 4. O-O a6 5. Bd3 b6 6. Re1 Bb7 7. c3 Rc8 8. Bc2 Qc7 9. a4 g6 10. Na3 Bg7 11. d4 Ngf6 12. Bg5 h6 13. Bf4 O-O 14. h3 e5 15. dxe5 Nxe5 16. Nxe5 dxe5 17. Bh2 Nh5 18. Nc4 Rcd8 19. Qf3 f5 20. Ne3 Nf6 21. Bb3+ Kh7 22. Nd5 Nxd5 23. Bxd5 fxe4 0-1


[Site "https://www.chess.com"]

[Event "Titled Tuesday Blitz May 25 2021"]
[White "Kosteniuk, Alexandra"]
[Black "Ambartsumova, Karina"]
[WhiteFideId "4128125"]
[BlackFideId "4166299"]
[WhiteElo "2521"]
[BlackElo "2262"]
[Result "1-0"]
[Round "06"]
[TimeControl "180+1"]
[Date "2021.05.25"]
[WhiteClock "0:00:20"]
[BlackClock "0:00:06"]

1. e4 e5 2. Nf3 Nc6 3. Bb5 a6 4. Ba4 Nf6 5. d4 exd4 6. O-O Bc5 7. e5 Nd5 8. c3 O-O 9. cxd4 Be7 10. Bb3 Nb6 11. d5 Na5 12. d6 cxd6 13. exd6 Bf6 14. Bc2 Nac4 15. Nc3 g6 16. Bh6 Re8 17. Nd5 Nxd5 18. Qxd5 Nb6 19. Qd3 a5 20. a4 Bxb2 21. Rae1 Re6 22. Bb3 Bf6 23. Nd2 Ra6 24. Ne4 Na8 25. Bxe6 fxe6 26. Qf3 Bg7 27. Bg5 Qe8 28. Be7 Rc6 29. Rc1 Nb6 30. Rxc6 bxc6 31. Nf6+ Bxf6 32. Bxf6 Nd5 33. Be5 Qf7 34. Qg3 Ba6 35. Rb1 Nb4 36. Qh4 h5 37. Qd8+ Qf8 38. Qxd7 Nd3 39. Qxe6+ Kh7 40. Qe7+ Kh6 41. Qxf8+ 1-0


[Site "https://www.chess.com"]

[Event "Titled Tuesday Blitz May 25 2021"]
[White "Kovalev, Vladislav"]
[Black "Wieczorek, Oskar"]
[WhiteFideId "13504398"]
[BlackFideId "1133950"]
[WhiteElo "2573"]
[BlackElo "2258"]
[Result "1-0"]
[Round "06"]
[TimeControl "180+1"]
[Date "2021.05.25"]
[WhiteClock "0:00:12"]
[BlackClock "0:00:04"]

1. e4 e5 2. Nf3 Nc6 3. Nc3 Nf6 4. h3 h6 5. Bb5 Bd6 6. O-O O-O 7. d3 Re8 8. a3 Bf8 9. Bc4 d6 10. b4 a6 11. Re1 Ne7 12. Ne2 Ng6 13. Ng3 c6 14. Bb3 Be6 15. Bxe6 Rxe6 16. c4 d5 17. Qc2 a5 18. Bd2 a4 19. Re2 d4 20. c5 Ne8 21. Rf1 Nc7 22. Bc1 Nb5 23. Nd2 Nc3 24. Ree1 Nb5 25. Nc4 Nf4 26. Nxe5 Nxh3+ 27. gxh3 Rxe5 28. f4 Re8 29. Kh2 Qc7 30. Nf5 g6 31. Rg1 Kh7 32. Qg2 Rad8 33. Qg3 Nc3 34. h4 h5 35. Rg2 Nb5 36. Reg1 Re6 37. Qg5 Rde8 38. Bb2 Qd8 39. Qxd8 Rxd8 40. Ng3 Bg7 41. Ne2 Ree8 42. Rg5 Nc3 43. R5g2 Bf6 44. Kh3 Nxe2 45. Rxe2 Bg7 46. Rf2 f5 47. e5 Re6 48. Rfg2 Rd5 49. Bc1 Rd7 50. Bd2 Rd8 51. Be1 Rb8 52. Bf2 b6 53. cxb6 Rxb6 54. Rc1 Kg8 55. Bxd4 Rb5 56. Bc5 Kf7 57. Kg3 Bh6 58. Kf3 Bf8 59. Bxf8 Kxf8 60. Rc5 Rxc5 61. bxc5 Re7 62. Rb2 Kf7 63. d4 Rd7 64. Ke3 Ke6 65. Kd3 Kd5 66. Rb8 Ke6 67. Kc4 1-0


[Site "https://www.chess.com"]

[Event "Titled Tuesday Blitz May 25 2021"]
[White "Kretov, Evgenij"]
[Black "Sorokin, Aleksey"]
[WhiteFideId "4167821"]
[BlackFideId "24176460"]
[WhiteElo "2381"]
[BlackElo "2476"]
[Result "0-1"]
[Round "06"]
[TimeControl "180+1"]
[Date "2021.05.25"]
[WhiteClock "0:00:43"]
[BlackClock "0:01:11"]

1. d4 Nf6 2. c4 g6 3. Nc3 d5 4. cxd5 Nxd5 5. Bd2 Bg7 6. e4 Nxc3 7. Bxc3 O-O 8. Qd2 c5 9. d5 e6 10. Bxg7 Kxg7 11. Nf3 exd5 12. exd5 Qf6 13. Be2 Bg4 14. O-O Nd7 15. Rac1 Rad8 16. Rfd1 Rfe8 17. h3 Bxf3 18. Bxf3 b6 19. a4 Re5 20. d6 h5 21. b4 Re6 22. a5 Ne5 23. axb6 Rexd6 24. Qxd6 Rxd6 25. Rxd6 Qxd6 26. bxa7 Nxf3+ 27. gxf3 Qa6 28. bxc5 Qxa7 29. c6 Qc7 30. Kg2 Kf6 31. Rc2 Ke7 32. Rc1 Kd8 33. Rc2 Kc8 34. Rc4 Qe5 35. c7 Qg5+ 36. Kh2 Qd5 37. Rc3 Qe5+ 0-1


[Site "https://www.chess.com"]

[Event "Titled Tuesday Blitz May 25 2021"]
[White "Langner, Ladislav"]
[Black "Jarovinsky, Alexey"]
[WhiteFideId "300403"]
[BlackFideId "14115131"]
[WhiteElo "2346"]
[BlackElo "2446"]
[Result "0-1"]
[Round "06"]
[TimeControl "180+1"]
[Date "2021.05.25"]
[WhiteClock "0:00:01"]
[BlackClock "0:00:07"]

1. e4 Nc6 2. d4 d5 3. e5 Bf5 4. c3 e6 5. Nf3 f6 6. exf6 Nxf6 7. Bd3 Bd6 8. O-O O-O 9. Bxf5 exf5 10. Bg5 h6 11. Bxf6 Qxf6 12. Qb3 Ne7 13. Nbd2 b6 14. Rfe1 c6 15. Ne5 Bxe5 16. dxe5 Qe6 17. c4 d4 18. c5 Kf7 19. Rac1 Rfd8 20. cxb6 Qxb3 21. axb3 axb6 22. Nc4 b5 23. e6+ Kf6 24. Ne5 Rd6 25. Nd7+ Rxd7 26. exd7 Rd8 27. Rc5 Rxd7 28. Rd1 f4 29. Kf1 Rd6 30. Ke2 Ng6 31. Kf3 Ne5+ 32. Kxf4 Nd7 33. Rf5+ Kg6 34. g4 c5 35. Ke4 Nf6+ 36. Kd3 Nxg4 37. Rf4 Kg5 38. Rf7 Ne5+ 39. Ke4 Nxf7 40. Rg1+ Kf6 41. f4 Re6+ 42. Kd5 Re3 43. Kxc5 Rxb3 44. Kxd4 Rxb2 45. Rc1 Rxh2 46. Rc6+ Kf5 47. Ke3 Rh3+ 48. Kf2 Ra3 49. Kg2 Ra7 50. Rc5+ Kf6 51. Rxb5 Ke7 52. Rc5 Rd7 53. Kg3 Rd6 54. Kg4 Rd8 55. Rc7+ Kf8 56. Ra7 Kg8 57. Kf5 Rf8 58. Kg6 Nh8+ 59. Kh5 Rf7 60. Ra8+ Rf8 61. Ra4 Kh7 62. Kg4 Rf6 63. f5 Nf7 64. Ra7 Nd6 65. Kf4 Nxf5 66. Ke5 Nh4 67. Ra8 Ng6+ 0-1


[Site "https://www.chess.com"]

[Event "Titled Tuesday Blitz May 25 2021"]
[White "Le, Tuan Minh"]
[Black "Ozen, Bahadir"]
[WhiteFideId "12401153"]
[BlackFideId "6337058"]
[WhiteElo "2450"]
[BlackElo "2503"]
[Result "1-0"]
[Round "06"]
[TimeControl "180+1"]
[Date "2021.05.25"]
[WhiteClock "0:01:22"]
[BlackClock "0:01:00"]

1. d4 Nf6 2. Nf3 d5 3. Bf4 e6 4. e3 Bd6 5. Nbd2 c5 6. c3 Qc7 7. Bxd6 Qxd6 8. Ne5 O-O 9. Bd3 b6 10. Qe2 a5 11. O-O Ba6 12. Bxa6 Nxa6 13. f4 Nd7 14. Rf3 f6 15. Nxd7 Qxd7 16. Rd1 Nc7 17. Rh3 Qf7 18. Rf1 Rfe8 19. Rff3 Re7 20. Rfg3 Kh8 21. Qd3 h6 22. Nf3 c4 23. Qc2 Ree8 24. Nh4 Kg8 25. Ng6 Re7 26. Nxe7+ Qxe7 27. Qg6 Kh8 28. Rxh6+ gxh6 29. Qxh6+ 1-0


[Site "https://www.chess.com"]

[Event "Titled Tuesday Blitz May 25 2021"]
[White "Leitao, Rafael"]
[Black "Ibadov, Dashgyn"]
[WhiteFideId "2101246"]
[BlackFideId "24107514"]
[WhiteElo "2609"]
[BlackElo "2191"]
[Result "1-0"]
[Round "06"]
[TimeControl "180+1"]
[Date "2021.05.25"]
[WhiteClock "0:02:09"]
[BlackClock "0:01:40"]

1. c4 e6 2. g3 d5 3. Bg2 Nf6 4. Nf3 d4 5. O-O Nc6 6. e3 e5 7. b4 Bxb4 8. Nxe5 O-O 9. Bxc6 bxc6 10. Nxc6 Qd6 11. Nxb4 Qxb4 12. Ba3 Qxc4 13. Bxf8 Kxf8 14. d3 Qc6 15. e4 Bh3 16. Re1 Ng4 17. Nd2 Kg8 18. Nf3 Qh6 19. Qc1 Qh5 20. Qg5 1-0


[Site "https://www.chess.com"]

[Event "Titled Tuesday Blitz May 25 2021"]
[White "Maevsky, Nikolay"]
[Black "Triapishko, Alexandr"]
[WhiteFideId "4198220"]
[BlackFideId "14122286"]
[WhiteElo "2282"]
[BlackElo "2490"]
[Result "0-1"]
[Round "06"]
[TimeControl "180+1"]
[Date "2021.05.25"]
[WhiteClock "0:00:09"]
[BlackClock "0:00:04"]

1. d4 c5 2. e3 Nf6 3. Nf3 g6 4. c4 Bg7 5. d5 O-O 6. Nc3 e6 7. Be2 exd5 8. cxd5 d6 9. e4 Bg4 10. O-O a6 11. a4 Nbd7 12. Nd2 Bxe2 13. Qxe2 Re8 14. Re1 b6 15. h3 Qc7 16. Nc4 Ne5 17. Bf4 Nxc4 18. Qxc4 Nd7 19. Qe2 c4 20. Qc2 Nc5 21. Be3 Nd3 22. Red1 Qb7 23. b3 b5 24. axb5 axb5 25. Rxa8 Rxa8 26. Nxb5 Qxb5 27. bxc4 Nb4 28. Qb3 Qa4 29. Rb1 Qxb3 30. Rxb3 Nc2 31. Bf4 Nd4 32. Re3 Rc8 33. Bxd6 Rxc4 34. Bg3 Rc8 35. Kh2 Rd8 36. Rd3 f5 37. f3 Rd7 38. Bf2 fxe4 39. fxe4 Be5+ 40. g3 Nb5 41. Rb3 Nd6 42. Rb4 Kg7 43. Kg2 Rc7 44. Rb6 h5 45. Rc6 Rb7 46. g4 hxg4 47. hxg4 Nxe4 48. Bb6 Nd6 49. Bc5 Nf7 50. Bb6 Rd7 51. d6 Bxd6 52. Ba5 Be5 53. Rc5 Rd4 54. Kf3 Rf4+ 55. Ke3 Rxg4 56. Bc3 Rg3+ 57. Ke4 Rxc3 58. Rxe5 Nxe5 59. Kd4 Rc8 60. Kxe5 Rf8 61. Ke6 g5 62. Ke7 g4 63. Ke6 g3 64. Ke5 g2 65. Ke4 g1=Q 66. Kd3 Qd1+ 67. Ke3 Re8+ 68. Kf2 Qd4+ 69. Kg3 Qe3+ 70. Kh2 Rh8+ 71. Kg2 Qe2+ 72. Kg3 Qe5+ 73. Kg4 Rh6 74. Kf3 Rh3+ 75. Kg4 Rg3+ 76. Kh4 Qg5# 0-1


[Site "https://www.chess.com"]

[Event "Titled Tuesday Blitz May 25 2021"]
[White "Maiorov, Nikita"]
[Black "Golubev, Mikhail"]
[WhiteFideId "13501720"]
[BlackFideId "14100983"]
[WhiteElo "2440"]
[BlackElo "2374"]
[Result "1-0"]
[Round "06"]
[TimeControl "180+1"]
[Date "2021.05.25"]
[WhiteClock "0:01:19"]
[BlackClock "0:00:07"]

1. d4 Nf6 2. c4 g6 3. g3 Bg7 4. Bg2 O-O 5. Nc3 d6 6. Nf3 Nbd7 7. O-O e5 8. e4 Re8 9. Re1 exd4 10. Nxd4 c6 11. b3 Ng4 12. Rf1 Nc5 13. h3 Nf6 14. Re1 d5 15. cxd5 cxd5 16. exd5 Rxe1+ 17. Qxe1 Nxd5 18. Nxd5 Bxd4 19. Be3 Nd3 20. Qd1 Bxa1 21. Qxa1 Be6 22. Bh6 f6 23. Nxf6+ Kf7 24. Nxh7 Qh8 25. Ng5+ Ke7 26. Bg7 Qc8 27. Qf6+ Ke8 28. Nxe6 1-0


[Site "https://www.chess.com"]

[Event "Titled Tuesday Blitz May 25 2021"]
[White "Makhnev, Denis"]
[Black "Acor, Corey"]
[WhiteFideId "13707647"]
[BlackFideId "2024861"]
[WhiteElo "2549"]
[BlackElo "2799"]
[Result "1/2-1/2"]
[Round "06"]
[TimeControl "180+1"]
[Date "2021.05.25"]
[WhiteClock "0:00:15"]
[BlackClock "0:00:07"]

1. Nf3 d6 2. g3 g6 3. Bg2 Bg7 4. O-O Nf6 5. c4 O-O 6. Nc3 Nc6 7. Rb1 e5 8. b4 a6 9. d3 Be6 10. a4 h6 11. b5 axb5 12. axb5 Na5 13. Nd2 Qd7 14. Nde4 Nxe4 15. Nxe4 f5 16. Nc3 c6 17. Bd2 e4 18. Na4 Qc7 19. Qc2 cxb5 20. Rxb5 Nc6 21. Nb6 Ra3 22. Nd5 Qf7 23. Be3 Bxd5 24. cxd5 exd3 25. exd3 Nd4 26. Bxd4 Bxd4 27. Qc4 Qg7 28. Qb4 Rxd3 29. Qxd6 b6 30. Qe6+ Kh7 31. d6 Bc5 32. d7 Rxd7 33. Rb2 Qxb2 34. Qxd7+ Qg7 35. Qc6 Rd8 36. h4 Qd7 37. Qxd7+ Rxd7 38. h5 Rd2 39. hxg6+ Kxg6 40. Bc6 Bd4 41. Kg2 Rc2 42. Bd7 Rb2 43. g4 fxg4 44. Bxg4 b5 45. Kg3 Be5+ 46. f4 Rb3+ 47. Rf3 Rxf3+ 48. Bxf3 Bd6 49. Bd5 Kf6 50. Kg4 b4 51. Bc4 Ke7 52. Bb3 Kd7 53. f5 Ke7 54. Kh5 Kf6 55. Kxh6 Kxf5 56. Kh5 Ke5 57. Ba2 Kd4 58. Bb3 Kc3 59. Be6 b3 60. Bxb3 1/2-1/2


[Site "https://www.chess.com"]

[Event "Titled Tuesday Blitz May 25 2021"]
[White "Maly, Alexey"]
[Black "Isajevsky, Anton"]
[WhiteFideId "14103184"]
[BlackFideId "4142500"]
[WhiteElo "2314"]
[BlackElo "2510"]
[Result "1/2-1/2"]
[Round "06"]
[TimeControl "180+1"]
[Date "2021.05.25"]
[WhiteClock "0:00:44"]
[BlackClock "0:00:14"]

1. d4 d5 2. c4 e6 3. Nf3 Nf6 4. e3 Be7 5. Nbd2 O-O 6. Bd3 b6 7. O-O Bb7 8. Qe2 a6 9. e4 dxe4 10. Nxe4 Nbd7 11. Rd1 Qc8 12. b3 c5 13. Bb2 cxd4 14. Nxd4 Re8 15. Nxf6+ Bxf6 16. Be4 Nc5 17. Bxb7 Qxb7 18. Nf3 Bxb2 19. Qxb2 Rad8 20. Qc2 f6 21. Rxd8 Rxd8 22. Rd1 Rd7 23. h3 e5 24. Rxd7 Qxd7 25. Qd2 Qxd2 26. Nxd2 Kf7 27. Kf1 Nd3 28. a3 Ke6 29. Ke2 Nc5 30. b4 Nd7 31. g4 g6 32. Kd3 f5 33. f3 h5 34. gxh5 gxh5 35. Ke3 Nf8 36. Nb3 Kd6 37. c5+ Kc6 38. f4 exf4+ 39. Kxf4 a5 40. Kxf5 axb4 41. axb4 bxc5 42. Nxc5 Kd5 43. h4 Kc4 44. Ne6 Nxe6 45. Kxe6 Kxb4 46. Kf6 Kc5 47. Kg5 Kd6 48. Kxh5 Ke7 49. Kg6 Kf8 50. h5 Kg8 51. h6 Kh8 52. h7 1/2-1/2


[Site "https://www.chess.com"]

[Event "Titled Tuesday Blitz May 25 2021"]
[White "Milosevic, Milos"]
[Black "Tari, Aryan"]
[WhiteFideId "964875"]
[BlackFideId "1510045"]
[WhiteElo "2135"]
[BlackElo "2656"]
[Result "0-1"]
[Round "06"]
[TimeControl "180+1"]
[Date "2021.05.25"]
[WhiteClock "0:00:04"]
[BlackClock "0:01:26"]

1. e4 g6 2. d4 Bg7 3. Nc3 a6 4. a4 d6 5. Nge2 Nc6 6. Be3 e5 7. d5 Nce7 8. f3 f5 9. a5 Nf6 10. Qd2 O-O 11. h3 c6 12. g4 cxd5 13. exd5 Bd7 14. g5 Nh5 15. f4 exf4 16. Nxf4 Ng3 17. Rg1 Ne4 18. Nxe4 fxe4 19. c3 Be5 20. Bc4 Nf5 21. Ne6 Bxe6 22. dxe6 Qe7 23. Bb6 Nh4 24. Rf1 Nf3+ 25. Rxf3 Rxf3 26. O-O-O Bf4 0-1


[Site "https://www.chess.com"]

[Event "Titled Tuesday Blitz May 25 2021"]
[White "Miszler, Levente"]
[Black "Yang, Kaiqi"]
[WhiteFideId "763276"]
[BlackFideId "8604398"]
[WhiteElo "1967"]
[BlackElo "2373"]
[Result "1-0"]
[Round "06"]
[TimeControl "180+1"]
[Date "2021.05.25"]
[WhiteClock "0:00:09"]
[BlackClock "0:00:01"]

1. Nf3 Nf6 2. c4 c6 3. d4 d5 4. Nc3 e6 5. g3 dxc4 6. Bg2 Nbd7 7. O-O Be7 8. e4 O-O 9. a4 a5 10. Qc2 Re8 11. Rd1 Bb4 12. Ne5 Nxe5 13. dxe5 Nd7 14. Ne2 Qe7 15. f4 b5 16. Be3 Bb7 17. Nd4 Bc5 18. Kf2 Nb6 19. axb5 cxb5 20. Nxb5 Bxe3+ 21. Kxe3 Qc5+ 22. Nd4 Red8 23. Rac1 Rd7 24. b3 Rad8 25. Qc3 f6 26. bxc4 fxe5 27. fxe5 Qxe5 28. Nb5 Qxc3+ 29. Nxc3 Nxc4+ 30. Ke2 Rd2+ 31. Rxd2 Rxd2+ 32. Kf3 Ne5+ 33. Kf4 Nd3+ 34. Ke3 Rxg2 35. Kxd3 Rxh2 36. Rb1 Ba6+ 37. Kd4 Kf7 38. Rb6 Bf1 39. Ke5 Rc2 40. Rb7+ Kg6 41. Nb5 Rc6 42. Nd6 Ra6 43. Ne8 Ra8 44. Nc7 Rc8 45. Nxe6 a4 46. Ra7 Bb5 47. Rxg7+ Kh6 48. Ra7 Re8 49. Kd6 Bc4 50. Nc5 Bb3 51. e5 Rg8 52. e6 Bxe6 53. Nxe6 Rxg3 54. Rxa4 Rd3+ 55. Ke5 Re3+ 56. Kf6 Rf3+ 57. Ke5 Re3+ 58. Kf5 Rf3+ 59. Ke4 Rf1 60. Nf4 Kg5 61. Ra5+ Kf6 62. Ra6+ Kg7 63. Kf5 h5 64. Rg6+ Kf7 65. Rf6+ Ke7 66. Ra6 h4 67. Rh6 Rh1 68. Ke5 Kd7 69. Nd5 Re1+ 70. Kd4 Rd1+ 71. Ke4 Re1+ 72. Ne3 Rh1 73. Kd5 h3 74. Rh7+ Kc8 75. Kc6 Rc1+ 76. Kd6 Rd1+ 77. Nd5 Rd3 78. Kc6 Kb8 79. Nb6 1-0


[Site "https://www.chess.com"]

[Event "Titled Tuesday Blitz May 25 2021"]
[White "Molina, Roberto Junio Brito"]
[Black "Quparadze, Giga"]
[WhiteFideId "2109450"]
[BlackFideId "13602250"]
[WhiteElo "2402"]
[BlackElo "2658"]
[Result "0-1"]
[Round "06"]
[TimeControl "180+1"]
[Date "2021.05.25"]
[WhiteClock "0:00:33"]
[BlackClock "0:01:46"]

1. d4 Nf6 2. c4 e6 3. Nf3 b6 4. g3 Ba6 5. Qa4 Bb7 6. Bg2 c5 7. O-O cxd4 8. Nxd4 Bxg2 9. Kxg2 Qc8 10. Nc3 Be7 11. Rd1 O-O 12. Bg5 Nc6 13. Nxc6 dxc6 14. Ne4 Nxe4 15. Bxe7 Re8 16. Ba3 c5 17. Qc2 Qc6 18. f3 Nd6 19. b3 Nf5 20. Kf2 Nd4 21. Qd3 e5 22. Re1 e4 23. Qc3 Qh6 24. Kg2 Re6 25. f4 Qh5 26. Bb2 Rh6 27. h4 Qg4 28. Kf2 Nf5 29. Rg1 e3+ 30. Ke1 Rxh4 31. Qe5 Qxg3+ 0-1


[Site "https://www.chess.com"]

[Event "Titled Tuesday Blitz May 25 2021"]
[White "Mortazavi, Ali"]
[Black "Mikhalevski, Victor"]
[WhiteFideId "401323"]
[BlackFideId "2801914"]
[WhiteElo "2339"]
[BlackElo "2567"]
[Result "1-0"]
[Round "06"]
[TimeControl "180+1"]
[Date "2021.05.25"]
[WhiteClock "0:00:09"]
[BlackClock "0:00:07"]

1. Nf3 Nf6 2. g3 g6 3. Bg2 Bg7 4. O-O O-O 5. d3 d5 6. Nbd2 b6 7. e4 dxe4 8. dxe4 Ba6 9. Re1 Nc6 10. e5 Nd5 11. e6 f5 12. c3 Bb7 13. a4 Na5 14. Ne5 c5 15. Nd7 Re8 16. Nf3 Nf6 17. Nfe5 Qc8 18. Bf4 Bxg2 19. Kxg2 Qb7+ 20. Kg1 c4 21. Qe2 Rac8 22. Rad1 Ne4 23. f3 Nd6 24. Qe3 Nc6 25. Nf7 Na5 26. Bxd6 exd6 27. Nxd6 Qc6 28. Nxc8 Qxc8 29. Qg5 Kh8 30. Nf6 Re7 31. Nxh7 Qc7 32. Qh4 Kg8 33. Nf6+ Kf8 34. Nd5 Qc5+ 35. Kg2 Re8 36. Qg5 Nc6 37. Qxg6 Nd8 38. e7+ Kg8 39. Qxe8+ Kh7 40. exd8=Q Qg1+ 41. Kxg1 1-0


[Site "https://www.chess.com"]